Map: Dusty Gorge

Players

FDSBoSox - Winner!

  • Race: Protoss Protoss
  • League: Gold
  • Spawn Location: 3:00

NukeKing - Winner!

  • Race: Terran Terran
  • League: Platinum
  • Spawn Location: 5:00

Throwfordays

  • Race: Protoss Protoss
  • League: Silver
  • Spawn Location: 11:00

Faust

  • Race: Zerg Zerg
  • League: Diamond
  • Spawn Location: 9:00

VOD

Have the link to the VOD?

Description

Time

  • Played on: March 4, 2019, 10:28 p.m.
  • Length: 12:26
Show
View Real Time Build Order
Export as new Build Order

FDSBoSox Protoss - Winner!

Build Orders: Dark Templar Rush 

Get SALT Encoding   

  12  0:01  Probe  
  13  0:13  Probe  
  14  0:25  Probe  
  15  0:30  Pylon  
  15  0:39  Assimilator  
  15  0:47  Probe  
  16  0:53  Gateway  
  16  0:55  Probe  
  17  1:23  Probe  
  17  1:31  Probe  
  19  1:53  Cybernetics Core  
  19  1:54  Zealot  
  21  1:56  Pylon, Probe  
  21  1:59  Assimilator  
  22  2:11  Probe  
  23  2:23  Probe  
  23  2:25  Zealot  
  26  2:35  Twilight Council, Warp Gate  
  26  2:40  Pylon  
  26  2:44  Stalker  
  29  2:58  Probe  
  29  3:03  Pylon  
  29  3:10  Probe  
  30  3:15  Dark Shrine  
  28  3:23  Zealot  
  30  3:39  Gateway  
  30  3:43  Pylon, Gateway  
  30  4:09  Gateway  
  30  4:37  Dark Templar x3  
  36  5:19  Zealot x3  
  36  5:20  Zealot  
  38  5:55  Dark Templar x4  
  38  6:04  Nexus  
  38  6:16  Nexus  
  38  6:20  Charge  
  38  6:25  Forge  
  38  6:28  Pylon  
  38  6:30  Forge  
  37  7:28  Protoss Ground Weapons Level 1  
  37  7:30  Protoss Ground Armor Level 1  
  31  8:06  Probe  
  31  8:12  Probe  
  33  8:14  Probe  
  34  8:23  Probe  
  34  8:24  Probe  
  36  8:28  Gateway  
  36  8:29  Gateway  
  36  8:31  Pylon, Gateway  
  36  8:33  Probe  
  36  8:36  Probe  
  36  8:39  Pylon  
  36  8:40  Pylon  
  38  8:41  Probe  
  38  8:43  Pylon  
  38  8:44  Pylon  
  38  8:48  Pylon, Probe  
  39  8:49  Probe  
  39  8:54  Blink  
  41  8:57  Stalker x2  
  41  9:00  Probe  
  41  9:02  Probe  
  47  9:05  Stalker  
  49  9:13  Probe  
  49  9:14  Probe  
  51  9:24  Protoss Ground Weapons Level 2  
  51  9:25  Probe  
  51  9:28  Photon Cannon  
  52  9:31  Photon Cannon  
  52  9:37  Photon Cannon  
  52  9:50  Photon Cannon  
  52  9:53  Photon Cannon  
  52  9:55  Shield Battery  
  52  9:56  Assimilator  
  52  9:57  Photon Cannon  
  52  10:00  Assimilator  
  52  10:17  Stalker x2  
  52  10:18  Stalker  
  58  10:38  Nexus  
  58  10:49  Dark Templar x2  
  62  10:59  Stalker x2  
  62  11:00  Stalker  
  66  11:31  Stalker x4  
  66  11:32  Stalker  
  76  11:45  Nexus  
  76  11:53  Stalker  
  78  11:54  Stalker  
  80  12:07  Probe  
Show
View Real Time Build Order
Export as new Build Order

NukeKing Terran - Winner!

Build Orders:  

Get SALT Encoding   

  12  0:01  SCV  
  13  0:14  SCV  
  14  0:22  Supply Depot  
  14  0:26  SCV  
  15  0:46  Barracks  
  15  0:53  SCV  
  16  1:05  SCV  
  17  1:17  Command Center  
  17  1:21  SCV  
  18  1:33  SCV  
  18  1:37  Supply Depot  
  19  1:41  Marine  
  19  1:46  Orbital Command  
  20  2:00  Refinery x2, Marine  
  21  2:16  SCV  
  21  2:19  Marine  
  23  2:28  SCV  
  24  2:41  SCV  
  25  2:48  Marine  
  26  2:53  SCV  
  27  2:59  Orbital Command  
  27  3:01  Command Center  
  27  3:05  SCV  
  28  3:16  Factory  
  28  3:32  Marine  
  28  3:33  SCV  
  30  3:42  SCV  
  30  3:43  Factory  
  30  3:45  SCV  
  30  3:47  Supply Depot  
  32  3:54  SCV  
  33  3:57  SCV  
  34  4:09  SCV  
  35  4:21  SCV  
  36  4:24  Engineering Bay  
  36  4:25  Barracks Reactor  
  36  4:28  Supply Depot, Barracks  
  36  4:29  Supply Depot  
  36  4:30  Hellion x2  
  40  4:33  SCV  
  41  4:42  SCV  
  41  4:45  SCV  
  43  4:56  Planetary Fortress  
  43  5:00  SCV x2  
  45  5:08  Widow Mine x2  
  45  5:11  Marine  
  45  5:12  Marine, SCV  
  52  5:16  Barracks  
  52  5:25  Barracks Tech Lab  
  52  5:29  Widow Mine x2, Barracks  
  52  5:31  Terran Infantry Weapons Level 1  
  52  5:35  SCV  
  57  5:36  SCV  
  58  5:45  SCV  
  58  5:47  SCV  
  58  5:48  SCV  
  60  6:08  SCV  
  60  6:10  Widow Mine x2  
  64  6:20  SCV  
  59  6:26  SCV  
  59  6:30  Stimpack  
  59  6:31  Widow Mine  
  59  6:32  Widow Mine, Engineering Bay  
  62  6:33  Marine x2  
  62  6:34  Marine x3  
  62  6:35  Armory  
  62  6:38  SCV  
  68  6:51  Marine x4  
  68  6:53  Widow Mine  
  71  7:09  SCV  
  71  7:12  Factory Tech Lab  
  71  7:14  Factory Tech Lab  
  71  7:15  Barracks Reactor x2  
  72  7:21  SCV  
  72  7:22  Starport  
  73  7:23  Starport  
  73  7:24  Supply Depot  
  73  7:25  Supply Depot  
  73  7:26  Refinery  
  73  7:27  Refinery, Supply Depot, Marine  
  73  7:28  Marine x2  
  76  7:34  SCV  
  77  7:43  SCV  
  78  7:44  Bunker, Command Center  
  78  7:45  Marine x3, Siege Tank x2  
  78  7:46  SCV  
  88  7:52  Marine x4  
  88  7:55  SCV  
  88  7:58  SCV  
  92  8:00  Terran Infantry Armor Level 1  
  92  8:03  Marine x3  
  91  8:07  SCV  
  91  8:10  Marine x4  
  96  8:13  SCV  
  96  8:15  Refinery x2  
  96  8:17  Siege Tank  
  96  8:18  SCV  
  96  8:19  SCV  
  102  8:21  Marine x3  
  102  8:23  Supply Depot  
  102  8:24  Drilling Claws  
  102  8:25  Supply Depot, SCV  
  102  8:26  Supply Depot, Siege Tank  
  109  8:37  Command Center  
  109  8:44  Marine x7  
  109  8:45  SCV  
  109  8:48  SCV  
  118  8:52  Medivac x2  
  122  9:00  SCV, Planetary Fortress  
  122  9:02  Marine x2  
  123  9:05  Missile Turret  
  125  9:12  SCV  
  126  9:22  Medivac  
  127  9:25  Missile Turret  
  127  9:46  Supply Depot  
  124  9:54  Marine x7  
  124  9:55  Medivac x2  
  131  10:11  Marine  
  131  10:12  Marine x4  
  136  10:23  Missile Turret  
  136  10:25  Medivac x2  
  136  10:27  SCV  
  141  10:30  Marine x4  
  141  10:32  Widow Mine x2  
  149  10:36  Command Center  
  149  10:38  Command Center  
  149  10:39  SCV  
  150  10:42  Missile Turret  
  150  10:53  Widow Mine x2  
  152  10:58  Liberator  
  152  10:59  Liberator  
  152  11:02  Fusion Core  
  156  11:05  Missile Turret  
  156  11:21  Marine x3  
  156  11:27  Missile Turret  
  156  11:38  Marine  
  156  11:47  Marine x6  
  156  11:48  SCV, Widow Mine x2  
  156  11:49  Missile Turret  
  167  11:55  Marine  
  152  12:05  Marine x3  
  143  12:11  Missile Turret  
Show
View Real Time Build Order
Export as new Build Order

Throwfordays Protoss 

Build Orders: Double Forge, Nexus First 

Get SALT Encoding   

  12  0:00  Probe  
  13  0:13  Probe  
  14  0:25  Probe  
  15  0:47  Nexus  
  15  0:57  Pylon  
  15  1:15  Probe  
  16  1:19  Gateway  
  16  1:27  Probe  
  17  1:45  Assimilator  
  17  1:50  Assimilator  
  17  1:52  Probe  
  18  1:54  Forge  
  18  1:57  Probe  
  19  2:04  Probe  
  19  2:05  Probe  
  20  2:12  Cybernetics Core  
  21  2:16  Probe  
  21  2:20  Probe  
  23  2:28  Probe  
  24  2:32  Probe  
  25  2:37  Gateway  
  25  2:40  Probe  
  26  2:44  Probe  
  27  2:53  Probe  
  27  2:54  Warp Gate  
  27  2:56  Probe  
  29  3:08  Probe  
  29  3:09  Pylon  
  30  3:13  Pylon  
  30  3:20  Probe  
  30  3:21  Stargate  
  31  3:27  Assimilator  
  31  3:31  Assimilator  
  31  3:32  Probe  
  32  3:38  Photon Cannon  
  32  3:40  Photon Cannon  
  32  3:45  Probe  
  33  3:48  Photon Cannon  
  33  3:53  Photon Cannon  
  33  3:57  Probe  
  33  4:01  Cybernetics Core  
  34  4:05  Forge  
  34  4:09  Probe  
  35  4:21  Probe x2  
  36  4:29  Probe  
  37  4:31  Stargate  
  37  4:33  Probe  
  39  4:38  Probe  
  39  4:39  Pylon  
  39  4:45  Probe  
  41  4:50  Probe  
  42  4:53  Photon Cannon  
  42  4:57  Photon Cannon, Probe  
  42  4:58  Pylon  
  43  5:03  Probe  
  44  5:14  Stargate  
  44  5:16  Stargate  
  44  5:19  Probe  
  45  5:25  Photon Cannon  
  45  5:28  Void Ray  
  49  5:49  Protoss Air Weapons Level 1, Pylon  
  49  5:59  Void Ray  
  49  6:02  Void Ray  
  57  6:12  Cybernetics Core  
  57  6:14  Void Ray  
  61  6:23  Nexus  
  61  6:26  Pylon  
  61  6:29  Pylon  
  61  6:42  Void Ray  
  61  6:45  Void Ray  
  69  6:57  Void Ray  
  69  6:58  Probe  
  73  7:06  Probe  
  75  7:16  Probe  
  76  7:26  Photon Cannon  
  76  7:28  Probe  
  77  7:31  Photon Cannon  
  77  7:34  Photon Cannon  
  77  7:38  Photon Cannon  
  77  7:39  Probe  
  77  7:40  Probe  
  77  7:43  Photon Cannon  
  79  7:44  Robotics Facility  
  79  7:45  Photon Cannon  
  77  7:51  Probe  
  73  8:03  Probe x2  
  75  8:05  Probe  
  75  8:11  Pylon  
  75  8:15  Probe x2  
  75  8:16  Pylon  
  75  8:17  Probe  
  79  8:27  Probe x2  
  79  8:30  Probe  
  79  8:32  Photon Cannon  
  81  8:36  Protoss Shields Level 1  
  81  8:37  Photon Cannon  
  81  8:39  Probe x2  
  81  8:40  Photon Cannon  
  84  8:41  Observer  
  84  8:42  Probe  
  84  8:43  Void Ray  
  84  8:46  Protoss Air Armor Level 1  
  89  8:51  Probe x2  
  89  8:54  Probe  
  93  9:03  Observer  
  93  9:04  Probe  
  93  9:05  Assimilator  
  93  9:08  Assimilator  
  94  9:13  Fleet Beacon  
  94  9:15  Twilight Council  
  94  9:16  Probe  
  95  9:18  Void Ray  
  99  9:28  Probe  
  100  9:34  Void Ray x2  
  108  9:40  Probe  
  97  10:25  Pylon  
  97  10:28  Pylon  
  97  10:31  Pylon  
  97  10:34  Gateway  
  97  10:35  Gateway  
  97  10:38  Gateway  
  97  10:41  Probe  
  98  10:44  Gateway  
  98  10:47  Gateway  
  98  10:51  Pylon  
  98  10:53  Probe  
  98  10:56  Robotics Bay  
  99  11:05  Probe  
  100  11:34  Zealot x5  
  110  11:40  Zealot  
  76  12:09  Zealot x4  
  76  12:10  Zealot x3  
Show
View Real Time Build Order
Export as new Build Order

Faust Zerg 

Build Orders: Hatch First 

Get SALT Encoding   

  12  0:01  Drone  
  13  0:09  Drone  
  14  0:14  Extractor  
  14  0:16  Drone  
  15  0:24  Overlord  
  15  0:42  Drone x2  
  17  0:56  Hatchery  
  16  0:59  Drone  
  16  1:04  Drone  
  18  1:15  Drone  
  19  1:23  Spawning Pool  
  18  1:40  Extractor  
  18  1:42  Drone  
  18  1:43  Drone, Overlord  
  18  2:11  Zergling x4, Queen  
  18  2:13  Queen  
  18  2:14  Zergling x2  
  25  2:16  Overlord  
  25  2:35  Zergling x6  
  28  2:39  Drone  
  28  2:43  Drone  
  30  3:00  Drone x3  
  32  3:29  Overlord  
  32  3:33  Metabolic Boost  
  31  3:35  Drone  
  31  3:36  Drone x4  
  36  3:57  Drone, Hatchery  
  36  3:58  Drone x3  
  36  3:59  Drone x2  
  37  4:18  Baneling Nest  
  37  4:20  Drone  
  37  4:33  Zergling x2  
  37  4:34  Zergling x12  
  37  4:36  Lair  
  44  4:38  Overlord  
  44  4:39  Overlord  
  44  4:52  Spore Crawler  
  43  4:54  Spore Crawler  
  42  5:01  Spine Crawler  
  42  5:04  Spine Crawler  
  42  5:06  Drone x4  
  42  5:07  Drone x3  
  47  5:15  Spine Crawler  
  47  5:16  Drone x5  
  47  5:19  Queen  
  47  5:20  Drone  
  47  5:21  Drone  
  51  5:43  Zergling x16  
  56  5:56  Zergling x2  
  56  5:57  Zergling x10  
  54  6:16  Zergling x6, Queen  
  54  6:17  Drone  
  54  6:18  Drone x3  
  44  7:03  Overseer  
  44  7:06  Drone x3  
  47  7:14  Hydralisk Den  
  46  7:16  Roach Warren  
  46  7:17  Extractor  
  46  7:18  Extractor, Drone x3  
  46  7:19  Drone x3  
  46  7:21  Zergling x4  
  41  7:43  Zergling x8  
  41  7:44  Zergling x6  
  45  8:09  Drone x3, Hatchery  
  45  8:12  Extractor  
  46  8:21  Hydralisk  
  48  8:48  Hydralisk x3  
  47  8:53  Muscular Augments  
  53  8:59  Infestation Pit  
  52  9:04  Drone  
  52  9:05  Drone  
  50  9:27  Zergling x8  
  50  9:28  Baneling Nest  
  50  9:29  Baneling  
  50  9:30  Baneling x5  
  54  9:32  Zergling x2  
  54  9:33  Zergling x2  
  56  9:48  Baneling  
  56  9:49  Baneling x5  
  56  9:50  Baneling x2  
  56  9:51  Zergling x8  
  59  10:04  Grooved Spines  
  59  10:21  Zergling x2  
  59  10:23  Overlord x6  
  59  10:40  Queen  
  40  11:26  Zergling x16  
  40  11:27  Zergling x8  
  40  11:30  Overlord  
  52  11:33  Queen  
  54  11:46  Baneling x3  
Tags
 
Add a new tag
Caveats
  • Supply blocks, unpowered buildings, or Contaminate may cause inaccurate times.
  • Supply counts are checked every 10 seconds.